 Dungeon Crawl Stone Soup version 0.27.1-3-gb3d3a73c9e (webtiles) character file.

Game seed: 17585315121835282994

88 Urokeeper the Skirmisher (level 4, -2/40 HPs)
             Began as a Hill Orc Fighter on Oct 12, 2021.
             Slain by Crazy Yiuf (9 damage)
             ... on level 2 of the Dungeon.
             The game lasted 00:03:46 (2064 turns).

Urokeeper the Skirmisher (Hill Orc Fighter)         Turns: 2064, Time: 00:03:48

Health: -2/40      AC:  9    Str: 19    XL:     4   Next: 54%
Magic:  4/4        EV:  5    Int:  8    God:
Gold:   159        SH: 14    Dex: 10    Spells: 3/3 levels left

rFire    . . .     SeeInvis .   a - +0 war axe
rCold    . . .     Faith    .   n - +0 tower shield
rNeg     . . .     Spirit   .   b - +0 scale mail
rPois    .         Reflect  .   (no helmet)
rElec    .         Harm     .   h - +0 cloak
rCorr    .         Rampage  .   (no gloves)
Will     .....                  i - +0 pair of boots
Stlth    ..........             m - amulet of the acrobat
HPRegen  0.13/turn              (no ring)
MPRegen  0.09/turn              (no ring)

@: no status effects
A: no striking features
a: no special abilities


You were on level 2 of the Dungeon.
You visited 1 branch of the dungeon, and saw 2 of its levels.

You collected 159 gold pieces.

Inventory:

Hand Weapons
 a - a +0 war axe (weapon)
Missiles
 d - 5 boomerangs (quivered)
 l - 20 poisoned darts
Armour
 b - a +0 scale mail (worn)
 c - a +0 kite shield
 h - a +0 cloak (worn)
 i - a +0 pair of boots (worn)
 n - a +0 tower shield (worn)
Jewellery
 m - an amulet of the acrobat (around neck)
Wands
 o - a wand of iceblast (9)
Scrolls
 f - a scroll of identify {unknown}
 j - a scroll of immolation {unknown}
 k - a scroll of blinking {unknown}
 q - a scroll of amnesia {unknown}
 r - a scroll of teleportation {unknown}
Potions
 e - a potion of berserk rage {unknown}
 g - a potion of mutation {unknown}
 p - a potion of heal wounds


   Skills:
 + Level 4.2 Fighting
 + Level 3.7 Axes
 + Level 3.9 Armour
 + Level 0.3 Dodging
 + Level 4.2 Shields


You had 3 spell levels left.
You didn't know any spells.
Your spell library contained the following spells:

 Spells                   Type           Power      Damage    Failure   Level
 Beastly Appendage        Tmut           0%         N/A       100%        1
 Wereblood                Tmut           0%         N/A       100%        2
 Spider Form              Tmut/Pois      0%         N/A       100%        3
 Alistair's Intoxication  Tmut/Pois      0%         N/A       100%        5
 Borgnjor's Vile Clutch   Necr/Erth      0%         N/A       100%        5
 Eringya's Noxious Bog    Tmut/Pois      0%         N/A       100%        6


Dungeon Overview and Level Annotations

Branches:
Dungeon (2/15)

Altars:

Annotations:
D:2 Crazy Yiuf


Message History

You see here a +0 mace.
Crazy Yiuf shouts!
You see here a +0 mace.
You see here a +0 mace.
Could not explore, unopened runed door.
Could not explore, unopened runed door.
Could not explore, unopened runed door.
Could not explore, unopened runed door.
You open the door. You closely miss Crazy Yiuf.
Crazy Yiuf hits you with a +3 quarterstaff of chaos.
Your shield prevents you from hitting Crazy Yiuf.
Crazy Yiuf hits you with a +3 quarterstaff of chaos!
Crazy Yiuf whimpers, "Nubble King leg!"
Crazy Yiuf hits you with a +3 quarterstaff of chaos.
You are poisoned.
Sorry, you're not good enough to have a special ability.
It was a potion of heal wounds.
You feel much better.
You feel very sick.
Crazy Yiuf hits you with a +3 quarterstaff of chaos.
Crazy Yiuf freezes you.
You closely miss Crazy Yiuf.
You feel very sick. You block Crazy Yiuf's attack.
Crazy Yiuf hits you with a +3 quarterstaff of chaos!
You slash Crazy Yiuf!
Crazy Yiuf is heavily wounded.
You feel sick. You block Crazy Yiuf's attack.
Crazy Yiuf hits you with a +3 quarterstaff of chaos.
* * * LOW HITPOINT WARNING * * *
You hit Crazy Yiuf.
Crazy Yiuf is almost dead.
You feel sick. You block Crazy Yiuf's attack.
You barely miss Crazy Yiuf.
Crazy Yiuf is severely wounded.
You feel sick.
You are no longer poisoned.
You block Crazy Yiuf's attack.
Crazy Yiuf hits you with a +3 quarterstaff of chaos!
You die...

...........####..#####..##......#
.......##### #....# #..##......#
.......# ♣..P.♣ #..##.......
..#....#### ♣...♣♣ #.###.......
..........# ♣♣)♣♣ #.# ##......
.#........## ♣)♣♣ #.####......
.#.........# ♣♣.♣ #...........
.#.........# ♣)♣♣ #........#'#
.#.........# ♣♣@♣ #.....####.#
##.........# #g# #....##....#
#.........# .). #...##...†.#
#########.# #..)# #...#≈.....#
#.# #..)# #####≈#....# #.# #####
#≈.....# #.# ##.....# #.# ##....#
### ######


You could see Crazy Yiuf.

Vanquished Creatures
  A gnoll (D:1)
  3 adders (D:2)
  2 dart slugs (D:2)
  3 bats
  4 endoplasms (D:2)
  4 giant cockroaches
  6 hobgoblins
  5 jackals
  3 ball pythons
  3 frilled lizards
  6 goblins
  A kobold (D:2)
  5 rats
46 creatures vanquished.

Vanquished Creatures (others)
  A plant (D:2)
1 creature vanquished.

Grand Total: 47 creatures vanquished

Notes
Turn   | Place    | Note
-------+----------+-------------------------------------------
     0 | D:1      | Urokeeper the Hill Orc Fighter began the quest for the Orb.
     0 | D:1      | Reached XP level 1. HP: 19/19 MP: 1/1
    70 | D:1      | Reached XP level 2. HP: 7/27 MP: 2/2
   841 | D:1      | Reached XP level 3. HP: 30/33 MP: 3/3
   865 | D:1      | Found a faded altar of an unknown god.
  1346 | D:2      | Reached XP level 4. HP: 35/40 MP: 4/4
  1565 | D:2      | Found a runed translucent door.
  1566 | D:2      | Noticed Crazy Yiuf
  2064 | D:2      | Slain by Crazy Yiuf

Illustrated notes

Levels and vault maps discovered:
D:1:      wander_arrival_estate, layout_basic, hellmonk_ecumenical_altar_zigzags
D:2:      layout_basic, eino_tiny_chamber, dk_noncrumbling_4, kennysheep_nub,
          minivault_27, serial_bayou_pond_b, grunt_ministairs_13,
          minmay_heptomino_l4, uniq_crazy_yiuf_cottage

Skill      XL: |  1  2  3  4 |
---------------+-------------+-----
Fighting       | 4 |  4.2
Axes           | 3 |  3.7
Shields        | 4 |  4.2
Armour         | |  3.9
Dodging        | |  0.3

Action                   |  1- 3 |  4- 6 || total
-------------------------+-------+-------++-------
Melee: War axe           |    87 |    58 ||   145
  Use: Potion            |     1 |     1 ||     2
Armor: Scale mail        |    43 |    23 ||    66
Dodge: Dodged            |    41 |    20 ||    61
Block: Kite shield       |    53 |    38 ||    91
       Tower shield      |       |     7 ||     7
